 Dungeon Crawl Stone Soup version 0.24.0-37-gcf1ca852f1 (webtiles) character file.

Game seed: 9466407767784390636, levelgen mode: deterministic

16270376 Froggeryz the Conqueror (level 27, 95/139 HPs)
             Began as a Gargoyle Gladiator on Nov 20, 2019.
             Was the Champion of the Shining One.
             Escaped with the Orb
             ... and 14 runes on Nov 22, 2019!
             The game lasted 04:06:38 (83409 turns).

Froggeryz the Conqueror (Gargoyle Gladiator)       Turns: 83409, Time: 04:06:38

Health: 95/139     AC: 74    Str: 24    XL:     27
Magic:  39/39      EV: 10    Int: 18    God:    the Shining One [******]
Gold:   11346      SH: 40    Dex:  8    Spells: 21/26 levels left

rFire    + . .     SeeInvis +   k - +10 eveningstar "Ciom" {crush, MR+ Dex+4}
rCold    + + .     Gourm    .   q - +10 large shield of Ignorance {rN+ Int-4}
rNeg     + + +     Faith    .   m - +12 gold dragon scales
rPois    ∞         Spirit   .   y - +2 helmet {SInv}
rElec    +         Reflect  +   p - +4 dragonskin cloak
rCorr    +         Harm     .   C - +2 pair of gloves of Context {Int+4}
MR       +++..     Rnd*Rage +   b - +4 pair of boots of Trial and Error {rN+ Slay+3}
Stlth    ..........             S - +4 amulet of reflection
HPRegen  0.33/turn              a - ring of resist corrosion
MPRegen  0.26/turn              e - ring "Koocoqov" {Int+4 Dex-3 Slay+3 Stlth+}

@: berserk cooldown, glowing, studying 3 skills
A: big wings, hooves 1, berserk 2, blurry vision 3, clumsy 2, deformed body,
deterioration 1, dopey 1, frail 3, negative energy resistance 1, screaming 3,
electricity resistance, unbreathing, petrification resistance, no potion heal 2,
rot immunity, subdued magic 3, AC +20
0: Orb of Zot
}: 14/15 runes: barnacled, slimy, silver, iron, obsidian, icy, bone, abyssal,
demonic, glowing, magical, fiery, dark, gossamer
a: Fly, Divine Shield, Cleansing Flame, Summon Divine Warrior, Brand Weapon With
Holy Wrath, Renounce Religion


You escaped.
You worshipped the Shining One.
The Shining One was exalted by your worship.
You were very full.

You visited 17 branches of the dungeon, and saw 87 of its levels.
You visited Pandemonium 1 time, and saw 18 of its levels.
You visited the Abyss 2 times.
You visited 1 bazaar.
You also visited: Gauntlet and Wizlab.

You collected 14940 gold pieces.
You spent 3594 gold pieces at shops.

Inventory:

Hand Weapons
 k - the +10 eveningstar "Ciom" (weapon) {crush, MR+ Dex+4}
   (Okawaru gifted it to you on level 2 of the Lair of Beasts)

   It inflicts extra damage upon your enemies.
   It affects your dexterity (+4).
   It affects your resistance to hostile enchantments.
Missiles
 d - 13 throwing nets (quivered)
 E - 39 silver javelins
Armour
 b - the +4 pair of boots of Trial and Error (worn) {rN+ Slay+3}
   (You acquired it on level 1 of the Depths)

   It affects your accuracy and damage with ranged weapons and melee attacks
   (+3).
   It protects you from negative energy.
 m - +12 gold dragon scales (worn)
 p - the +4 dragonskin cloak (worn)
   (You took it off Tiamat on level 5 of the Depths)
 q - the +10 large shield of Ignorance (worn) {rN+ Int-4}
   (You took it off Mennas on level 5 of the Vaults)

   It affects your intelligence (-4).
   It protects you from negative energy.
 v - the +2 cloak of Heresy {rC+ rN++}
   (Okawaru gifted it to you on level 5 of the Realm of Zot)

   It protects you from cold.
   It greatly protects you from negative energy.
 y - a +2 helmet of see invisible (worn)
 C - the +2 pair of gloves of Context (worn) {Int+4}
   (Okawaru gifted it to you on level 4 of the Lair of Beasts)

   It affects your intelligence (+4).
 I - the +9 plate armour "Vasabb" {rElec rN+++ rCorr Int-3}
   (You found it on level 4 of the Realm of Zot)

   It affects your intelligence (-3).
   It insulates you from electricity.
   It renders you almost immune to negative energy.
   It provides partial protection from all sources of acid and corrosion.
 Q - the +2 pair of boots of Qepho {-Tele rC+++ MP-9 SInv}
   (You found it in a Gauntlet)

   It renders you almost immune to cold.
   It affects your magic capacity (-9).
   It lets you see invisible.
   It prevents most forms of teleportation.
 T - the +0 pair of boots "Xumoot" {rElec Regen+ Int+6 Dex-5}
   (Okawaru gifted it to you on level 5 of the Vaults)

   It affects your intelligence (+6).
   It affects your dexterity (-5).
   It insulates you from electricity.
   It increases your rate of regeneration.
 W - a +2 pair of boots of running
Jewellery
 a - a ring of resist corrosion (left hand)
 e - the ring "Koocoqov" (right hand) {Int+4 Dex-3 Slay+3 Stlth+}
   (You found it on level 5 of the Vaults)

   [ring of stealth]

   It affects your intelligence (+4).
   It affects your dexterity (-3).
   It affects your accuracy and damage with ranged weapons and melee attacks
   (+3).
   It makes you more stealthy.
 h - an uncursed ring of protection from fire
 G - the ring of Discord {rF+ Dex+3}
   (You found it on level 5 of the Vaults)

   [ring of protection from fire]

   It affects your dexterity (+3).
   It protects you from fire.
 R - a +3 ring of protection
 S - a +4 amulet of reflection (around neck)
 U - the ring "Ocsoof" {-Tele rPois MR+ Int+2 Dex+2 SInv}
   (You found it on level 3 of the Elven Halls)

   [ring of protection from magic]

   It affects your intelligence (+2).
   It affects your dexterity (+2).
   It protects you from poison.
   It affects your resistance to hostile enchantments.
   It lets you see invisible.
   It prevents most forms of teleportation.
 Z - an uncursed amulet of regeneration
Wands
 r - a wand of digging (14)
 L - a wand of iceblast (35)
 V - a wand of acid (49)
Scrolls
 c - 13 scrolls of enchant weapon
 g - 14 scrolls of identify
 i - 24 scrolls of remove curse
 j - 15 scrolls of teleportation
 n - 4 scrolls of magic mapping
 s - 6 scrolls of fear
 x - 10 scrolls of enchant armour
 A - 2 scrolls of summoning
 D - 6 scrolls of blinking
 M - 2 scrolls of fog
Potions
 l - 24 potions of curing
 o - 4 potions of cancellation
 t - 2 potions of berserk rage
 u - a potion of might
 w - 10 potions of ambrosia
 F - a potion of magic
 J - 4 potions of haste
 K - 4 potions of heal wounds
 N - 5 potions of resistance
 X - 4 potions of agility
Books
 z - a manual of Dodging
 O - a manual of Summonings
 Y - a manual of Long Blades
Comestibles
 f - 87 rations


   Skills:
 O Level 27 Fighting
 O Level 27 Maces & Flails
 - Level 10.6 Throwing
 O Level 27 Armour
 - Level 10.0 Dodging
 O Level 27 Shields
 - Level 14.3 Translocations
 + Level 25.2 Invocations
 + Level 23.3 Evocations


You had 21 spell levels left.
You knew the following spells:

 Your Spells              Type           Power        Failure   Level  Hunger
a - Blink                 Tloc           N/A          1%          2    ###....
b - Lesser Beckoning      Tloc           ####......   1%          3    ####...

Your spell library contained the following spells:

 Spells                   Type           Power        Failure   Level  Hunger
 Apportation              Tloc           ####..       1%          1    ##.....
 Gell's Gravitas          Tloc           ####......   1%          3    ####...
 Teleport Other           Tloc           ####....     1%          3    ####...
 Shroud of Golubria       Chrm/Tloc      ##....       8%          2    ###....
 Portal Projectile        Hex/Tloc       ##....       16%         3    ####...
 Recall                   Summ/Tloc      N/A          16%         3    ####...
 Dispersal                Tloc           ####......   45%         6    #######
 Force Lance              Conj/Tloc      ##......     52%         4    #####..
 Animate Skeleton         Necr           N/A          77%         1    ##.....
 Beastly Appendage        Tmut           #.....       77%         1    ##.....
 Corona                   Hex            #......      77%         1    ##.....
 Flame Tongue             Conj/Fire      #....        77%         1    ##.....
 Freeze                   Ice            #...         77%         1    ##.....
 Infusion                 Chrm           #...         77%         1    ##.....
 Magic Dart               Conj           #...         77%         1    ##.....
 Pain                     Necr           #...         77%         1    ##.....
 Sandblast                Erth           #.....       77%         1    ##.....
 Shock                    Conj/Air       #...         77%         1    ##.....
 Sting                    Conj/Pois      #...         77%         1    ##.....
 Summon Butterflies       Summ           #.......     77%         1    ##.....
 Summon Small Mammal      Summ           #...         77%         1    ##.....
 Call Imp                 Summ           #.......     88%         2    ###....
 Corpse Rot               Necr           N/A          88%         2    ###....
 Ensorcelled Hibernation  Hex/Ice        #.....       88%         2    ###....
 Passwall                 Tmut/Erth      #.......     88%         2    ###....
 Poisonous Vapours        Pois/Air       #.....       88%         2    ###....
 Searing Ray              Conj           #.....       88%         2    ###....
 Slow                     Hex            #.......     88%         2    ###....
 Song of Slaying          Chrm           #.......     88%         2    ###....
 Sticks to Snakes         Tmut           #.......     88%         2    ###....
 Swiftness                Chrm/Air       #.......     88%         2    ###....
 Throw Flame              Conj/Fire      #.....       88%         2    ###....
 Throw Frost              Conj/Ice       #.....       88%         2    ###....
 Summon Forest            Summ/Tloc      ##........   88%         5    ######.
 Call Canine Familiar     Summ           #.......     98%         3    ####...
 Confuse                  Hex            #.......     98%         3    ####...
 Conjure Flame            Conj/Fire      #.......     98%         3    ####...
 Dazzling Spray           Conj/Hex       #.....       98%         3    ####...
 Ignite Poison            Fire/Tmut/Pois #.......     98%         3    ####...
 Inner Flame              Hex/Fire       #.......     98%         3    ####...
 Mephitic Cloud           Conj/Pois/Air  #.......     98%         3    ####...
 Ozocubu's Armour         Chrm/Ice       #.......     98%         3    ####...
 Regeneration             Chrm/Necr      #.........   98%         3    ####...
 Spectral Weapon          Hex/Chrm       #.......     98%         3    ####...
 Spider Form              Tmut/Pois      #.........   98%         3    ####...
 Static Discharge         Conj/Air       #.......     98%         3    ####...
 Stone Arrow              Conj/Erth      #.....       98%         3    ####...
 Summon Guardian Golem    Hex/Summ       #.......     98%         3    ####...
 Tukima's Dance           Hex            #.......     98%         3    ####...
 Vampiric Draining        Necr           #.........   98%         3    ####...
 Airstrike                Air            #.........   100%        4    #####..
 Animate Dead             Necr           N/A          100%        4    #####..
 Cause Fear               Hex            #.........   100%        4    #####..
 Fulminant Prism          Conj/Hex       #.........   100%        4    #####..
 Ice Form                 Ice/Tmut       #.......     100%        4    #####..
 Iskenderun's Mystic Bla  Conj           #.......     100%        4    #####..
 Leda's Liquefaction      Hex/Erth       #.........   100%        4    #####..
 Olgreb's Toxic Radiance  Pois           #.......     100%        4    #####..
 Petrify                  Tmut/Erth      #.......     100%        4    #####..
 Sticky Flame             Conj/Fire      #.......     100%        4    #####..
 Summon Ice Beast         Ice/Summ       #.......     100%        4    #####..
 Summon Lightning Spire   Summ/Air       #.......     100%        4    #####..
 Throw Icicle             Conj/Ice       #.......     100%        4    #####..
 Agony                    Necr           #.......     100%        5    ######.
 Alistair's Intoxication  Tmut/Pois      #.......     100%        5    ######.
 Aura of Abjuration       Summ           #.........   100%        5    ######.
 Blade Hands              Tmut           #.........   100%        5    ######.
 Bolt of Draining         Conj/Necr      #.........   100%        5    ######.
 Bolt of Magma            Conj/Fire/Erth #.........   100%        5    ######.
 Borgnjor's Vile Clutch   Necr/Erth      #.........   100%        5    ######.
 Dispel Undead            Necr           #.......     100%        5    ######.
 Excruciating Wounds      Chrm/Necr      #.........   100%        5    ######.
 Fireball                 Conj/Fire      #.........   100%        5    ######.
 Irradiate                Conj/Tmut      #.........   100%        5    ######.
 Iskenderun's Battlesphe  Conj/Chrm      #.......     100%        5    ######.
 Lee's Rapid Deconstruct  Erth           #.........   100%        5    ######.
 Lightning Bolt           Conj/Air       #.........   100%        5    ######.
 Metabolic Englaciation   Hex/Ice        #.........   100%        5    ######.
 Silence                  Hex/Air        #.........   100%        5    ######.
 Summon Mana Viper        Hex/Summ       #.......     100%        5    ######.
 Venom Bolt               Conj/Pois      #.........   100%        5    ######.
 Yara's Violent Unravell  Hex/Tmut       #.........   100%        5    ######.
 Bolt of Cold             Conj/Ice       #.........   100%        6    #######
 Bolt of Fire             Conj/Fire      #.........   100%        6    #######
 Conjure Ball Lightning   Conj/Air       #.........   100%        6    #######
 Darkness                 Hex            #.........   100%        6    #######
 Death Channel            Necr           #.........   100%        6    #######
 Deflect Missiles         Chrm/Air       #.........   100%        6    #######
 Freezing Cloud           Conj/Ice/Air   #.........   100%        6    #######
 Hydra Form               Tmut           #.........   100%        6    #######
 Invisibility             Hex            #.......     100%        6    #######
 Iron Shot                Conj/Erth      #.........   100%        6    #######
 Ozocubu's Refrigeration  Ice            #.........   100%        6    #######
 Shadow Creatures         Summ           N/A          100%        6    #######
 Simulacrum               Ice/Necr       #.........   100%        6    #######
 Dragon Form              Tmut           #.........   100%        7    #######
 Malign Gateway           Summ/Tloc      ##........   100%        7    #######
 Monstrous Menagerie      Summ           #.........   100%        7    #######
 Orb of Destruction       Conj           #.........   100%        7    #######
 Ring of Flames           Chrm/Fire      #.........   100%        7    #######
 Spellforged Servitor     Conj/Summ      #.........   100%        7    #######
 Summon Greater Demon     Summ           #.........   100%        7    #######
 Summon Hydra             Summ           #.........   100%        7    #######
 Controlled Blink         Tloc           N/A          100%        8    #######
 Discord                  Hex            #.........   100%        8    #######
 Disjunction              Tloc           ####......   100%        8    #######
 Ignition                 Fire           #.........   100%        8    #######
 Summon Horrible Things   Summ           #.........   100%        8    #######
 Dragon's Call            Summ           #.........   100%        9    #######
 Shatter                  Erth           #.........   100%        9    #######
 Tornado                  Air            #.........   100%        9    #######
 Passage of Golubria      Tloc           Unusable     N/A         4    N/A
 Sublimation of Blood     Necr           Unusable     N/A         2    N/A
 Statue Form              Tmut/Erth      Unusable     N/A         6    N/A

Dungeon Overview and Level Annotations

Branches:
Dungeon (15/15)            Temple (1/1) D:6            Lair (6/6) D:10
 Shoals (4/4) Lair:4       Spider (4/4) Lair:2        Slime (5/5) Lair:5
    Orc (2/2) D:10            Elf (3/3) Orc:2        Vaults (5/5) D:13
  Crypt (3/3) Vaults:3       Tomb (0/3) Crypt:3      Depths (5/5) D:15
   Hell (visited)             Dis (7/7) Hell            Geh (7/7) Hell
    Coc (7/7) Hell            Tar (7/7) Hell            Zot (5/5) Depths:5
 WizLab (visited)         Gauntlet (visited)

Altars:
Ashenzari
Dithmenos
Elyvilon
Fedhas
Gozag
Hepliaklqana
Kikubaaqudgha
Makhleb
Nemelex Xobeh
Okawaru
Qazlal
Ru
Sif Muna
Trog
Uskayaw
Vehumet
Wu Jian
Xom
Yredelemnul
Zin
The Shining One
Beogh
Jiyva

Shops:
D:6 ([?[   D:14 (   Orc:1 *   Orc:2 }[(!   Elf:2 !?   Shoals:2 :=
Vaults:4 [(*=   Depths:3 *[[?   Depths:5 [

Portals:
Hell: Depths:1 Depths:2 Depths:3 Depths:4 Depths:5
Abyss: Depths:1 Depths:2 Depths:4
Pandemonium: Depths:3 Depths:4
Ziggurat: Depths:5

Annotations:
Tar:7 Serpent of Hell


Innate Abilities, Weirdness & Mutations

You are resistant to torment.
Your stone body is resilient. (AC +20)
You are immune to poison.
Your large and strong wings let you fly indefinitely.
You resist negative energy. (rN+)
You are resistant to electric shocks. (rElec)
You can survive without breathing.
You are immune to petrification.
You are immune to rotting.
You have large cloven feet.
You often lose your temper in combat.
Scrolls take you much longer to read.
You are very clumsy. (Dex -4)
Armour fits poorly on your strangely shaped body.
Your body sometimes deteriorates upon taking damage.
You are dopey. (Int -2)
You are extremely frail. (-30% HP)
You frequently scream uncontrollably at your foes.
Potions are poor at restoring your health.
Your spells are much easier to cast, but much less powerful.


Message History

You are too injured to fight recklessly!
You are too injured to fight recklessly!
You puncture the Brimstone Fiend!
The Brimstone Fiend is lightly wounded.
The Brimstone Fiend misses you.
The Brimstone Fiend hits you but does no damage.
You block the Brimstone Fiend's attack.
You crush the Brimstone Fiend like a grape!!!
The Brimstone Fiend is heavily wounded.
You block the Brimstone Fiend's attack. x3
You stick the Brimstone Fiend like a pincushion!!!
You kill the Brimstone Fiend!
The Shining One accepts your kill.
You feel better.
There is an open door here.
There is an open door here.
You feel yourself speed up.
There is an open door here.
There is a staircase leading out of the dungeon here.
You have escaped!

#.# #.#
#.#######.###..####.#.# #.#
#.###.#...##...##..####.#.#
#.#
#.......###.....#..#......#
#.#
#####.#.+.#..........##.###
#.# #.###.###.###.......#
#.#######.###.# #.#
##......# #...........#.#
#.# ########
###########.#.###.#
#.'.@##.# ###.###.# #.#
#.########## #.#
#.##......[# ###.#
#.##.#####.#### #.+.#
#.##..........#
#.#####.##.###.#..#.#
####.###..[..........#.#
#.............######.#.#


There were no monsters in sight!

Vanquished Creatures
  Antaeus (Coc:7)
  Asmodeus (Geh:7)
  the Royal Jelly (Slime:5)
  Ereshkigal (Tar:7)
  Gloorx Vloq (Pan)
  Lom Lobon (Pan)
  Mnoleg (Pan)
  Dispater (Dis:7)
  Tiamat (Depths:5)
  3 orbs of fire (Zot:5)
  10 ancient liches
  Mennas (Vaults:5)
  A juggernaut (Depths:4)
  Sojobo (Vaults:5)
  Boris (Crypt:3)
  5 shard shrikes (Coc:7)
  11 Killer Klowns
  Xtahua (Vaults:5)
  Geryon (Hell)
  Saint Roka (Elf:2)
  2 curse toes
  Frederick (Vaults:5)
  8 golden dragons
  Bai Suzhen (Vaults:4)
  10 caustic shrikes
  A Hellbinder (WizLab)
  16 bone dragons
  10 liches
  20 Tzitzimimeh
  7 iron giants
  10 doom hounds
  6 pandemonium lords (Pan)
  5 electric golems
  13 Ice Fiends
  13 Hell Sentinels
  19 Brimstone Fiends
  29 tentacled monstrosities
  Rupert (Lair:6)
  27 Orb Guardians
  3 deep elf master archers
  2 quicksilver dragons (Zot:2)
  13 deep elf blademasters
  18 titans
  Polyphemus (Shoals:3)
  23 acid blobs
  13 ancient champions
  21 Executioners
  2 eldritch tentacles
  5 sphinxes
  12 death cobs
  11 tentacled starspawn
  17 shadow dragons
  Agnes (Elf:2)
  A warmonger (Pan)
  Donald (Vaults:3)
  10 draconian monks
  13 azure jellies
  14 storm dragons
  9 draconian knights
  A revenant (Crypt:2)
  21 fire giants
  Ilsuiw (Shoals:3)
  11 tengu reavers
  A daeva (Pan)
  32 frost giants
  7 deep elf sorcerers
  21 cacodemons
  11 draconian scorchers
  An orc warlord (Vaults:3)
  11 iron dragons
  18 vault wardens
  8 black suns
  33 balrugs
  5 deep elf elementalists
  4 angels
  9 ghost moths
  Louise (D:14)
  6 curse skulls
  7 draconian stormcallers
  3 spriggan defenders
  39 reapers
  7 draconian annihilators
  An emperor scorpion (Spider:4)
  21 ironheart preservers
  9 draconian shifters
  29 stone giants
  7 war gargoyles
  23 ghouls
  A stone giant (shapeshifter) (Depths:4)
  25 very ugly things
  4 elemental wellsprings (Coc:7)
  7 entropy weavers
  4 blood saints (Pan)
  6 deep elf demonologists
  13 deep elf annihilators
  10 vampire knights
  5 lorocyprocas
  An entropy weaver (shapeshifter) (Vaults:5)
  18 black draconians
  14 white draconians
  23 yellow draconians
  A minotaur (Gauntlet)
  14 green draconians
  23 purple draconians
  5 spark wasps
  17 ettins
  11 eidola
  10 red draconians
  The ghost of LSt the Markscentaur, a journeyman CeHu of Okawaru (Lair:1)
  7 deep elf death magi
  A crystal guardian (Abyss:4)
  9 death oozes
  4 green deaths
  A mummy priest (Crypt:1)
  22 blizzard demons
  2 spectral golden dragons (Crypt:3)
  17 yaktaur captains
  4 deep elf high priests
  9 jiangshi
  3 spectral quicksilver dragons (Crypt:3)
  11 fire dragons
  11 merfolk javelineers
  2 great orbs of eyes (shapeshifter)
  8 merfolk impalers
  16 great orbs of eyes
  The ghost of Richi the Cleaver, a journeyman HOFi of Beogh (Lair:1)
  9 monstrous demonspawn (Pan)
  25 ogre magi
  6 rakshasas
  23 ice dragons
  37 vault guards
  3 quicksilver dragon zombies
  3 ghost crabs
  5 hell beasts
  7 hydras
  3 spriggan air magi
  Erolcha (D:10)
  2 catoblepae
  6 merfolk avatars
  3 alligator snapping turtles
  4 death knights
  A juggernaut simulacrum (Pan)
  A hydra (shapeshifter) (Depths:4)
  10 centaur warriors
  An anaconda (shapeshifter) (Depths:2)
  A spectral stone giant (Crypt:3)
  67 two-headed ogres
  5 quicksilver dragon skeletons
  A satyr (Shoals:4)
  10 merfolk aquamancers
  31 hell hogs
  9 death yaks
  18 deep troll shamans
  14 deep troll earth magi
  4 tengu warriors
  A queen ant (Spider:1)
  4 titan zombies
  20 dancing weapons
  6 spriggan berserkers
  10 vampire magi
  2 spectral storm dragons (Crypt:3)
  3 spriggans
  28 hell knights
  A spectral dire elephant (Crypt:3)
  6 holy swine (Pan)
  13 thrashing horrors
  25 deep elf knights
  An iron golem (Geh:4)
  Nergalle (Lair:2)
  5 orc high priests
  30 soul eaters
  A storm dragon zombie (Coc:5)
  5 wretched stars
  8 titan skeletons
  64 skeletal warriors
  60 sun demons
  16 sixfirhies
  2 spark wasp zombies (Hell)
  A spectral catoblepas (Crypt:3)
  15 shadow wraiths
  A spatial maelstrom (Abyss:4)
  4 golden dragon zombies
  15 sea snakes
  14 iron trolls
  8 anaconda zombies
  A spectral ghost moth (Crypt:3)
  42 large abominations
  6 infernal demonspawn (Pan)
  2 torturous demonspawn (Pan)
  2 ghost moth zombies
  A spectral anaconda (Crypt:3)
  8 unseen horrors
  52 deep trolls
  2 kraken simulacra (Coc:7)
  A spectral hydra (Crypt:3)
  6 glowing orange brains
  21 shadow demons
  5 shadow dragon zombies
  16 ironbrand convokers
  6 wizards
  13 deep elf archers
  24 phantasmal warriors
  16 flayed ghosts
  A golden dragon skeleton (Geh:7)
  5 anaconda skeletons
  A spectral wolf spider (Crypt:3)
  14 necromancers
  18 orc knights
  16 harpies
  3 wolf spider zombies
  5 iron dragon zombies
  58 ugly things
  A mana viper (shapeshifter) (Vaults:4)
  7 shadow dragon skeletons
  A spectral ettin (Crypt:3)
  4 fire giant zombies
  12 orb spiders
  6 stone giant zombies
  7 orc sorcerers
  41 wolf spiders
  71 deep elf magi
  11 shining eyes
  6 worldbinders
  87 slime creatures
  6 oklob plants
  15 manticores
  A salamander (shapeshifter) (Depths:3)
  A manticore (shapeshifter) (Vaults:5)
  4 frost giant zombies
  A spectral shock serpent (Crypt:3)
  4 iron dragon skeletons
  A black mamba (shapeshifter) (Vaults:4)
  An elephant (shapeshifter) (Depths:4)
  15 merfolk sirens
  20 fauns
  5 centaur zombies
  9 cyclopes
  3 elephants (Lair:6)
  A torpor snail (Spider:2)
  4 dire elephant zombies
  5 fire giant skeletons
  5 stone giant skeletons
  A naga mage (D:15)
  A moth of wrath (shapeshifter) (Vaults:5)
  33 moths of wrath
  20 rust devils
  4 shock serpent zombies
  11 vault sentinels
  6 frost giant skeletons
  41 smoke demons
  An eye of devastation (shapeshifter) (Vaults:5)
  5 titan simulacra
  4 eyes of devastation
  8 water nymphs
  9 molten gargoyles (Geh:7)
  2 gargoyles
  3 ice statues (Coc:7)
  5 storm dragon simulacra
  3 black mambas
  A human zombie (Vaults:5)
  16 spiny frogs
  A yaktaur zombie (Hell)
  23 orange demons
  4 kobold demonologists
  12 komodo dragons
  2 shock serpent skeletons
  A spriggan zombie (Hell)
  8 efreet
  A spiny frog (shapeshifter) (Depths:2)
  5 rime drakes
  A catoblepas zombie (Coc:7)
  25 demonic crawlers
  33 hellions
  8 anaconda simulacra
  A yellow draconian zombie (Crypt:3)
  A catoblepas skeleton (Geh:7)
  40 freezing wraiths
  An alligator snapping turtle skeleton (Crypt:3)
  A komodo dragon (shapeshifter) (Vaults:5)
  3 emperor scorpion zombies
  43 tormentors
  35 ice devils
  41 yaktaurs
  34 red devils
  A yaktaur (shapeshifter) (Abyss:4)
  26 hellwings
  A tengu conjurer (D:15)
  9 ancient zymes
  2 harpy zombies
  A yellow draconian skeleton (Crypt:2)
  38 jumping spiders
  32 merfolk
  3 silent spectres (Tar:7)
  A meliai (shapeshifter) (Vaults:1)
  12 hydra zombies
  A red draconian skeleton (Crypt:2)
  10 trolls
  20 hornets
  6 wind drakes
  3 polar bears (Lair:6)
  2 ice dragon zombies
  A jumping spider (shapeshifter) (Vaults:5)
  A spectral harpy (Crypt:3)
  17 raiju
  A deep troll zombie (Hell)
  Grinder (D:6)
  A spectral swamp dragon (Crypt:3)
  A fire dragon zombie (Dis:7)
  A harpy skeleton (Geh:3)
  12 blink frogs
  8 hydra skeletons
  6 alligator zombies
  6 ettin zombies
  6 bog bodies (Coc:7)
  3 fire giant simulacra
  2 frost giant simulacra
  20 hippogriffs
  4 snapping turtles
  4 fire dragon skeletons
  59 flying skulls
  46 shadows
  36 tarantellas
  32 starcursed masses
  A spriggan (shapeshifter) (Vaults:4)
  2 air elementals (Elf:3)
  4 ettin skeletons
  97 redbacks
  28 wraiths
  An ice dragon skeleton (Geh:4)
  24 ynoxinuls
  23 water elementals
  An elf simulacrum (Depths:3)
  3 alligator skeletons
  7 wyverns
  A vampire (Abyss:1)
  A black mamba skeleton (Tar:7)
  53 yaks
  A basilisk (shapeshifter) (Depths:3)
  3 basilisks
  5 vampire mosquitoes
  20 fire elementals
  11 wargs
  4 hungry ghosts
  20 chaos spawn
  A human simulacrum (Vaults:1)
  24 neqoxecs
  A spatial vortex (Abyss:3)
  6 spiny frog zombies
  3 infernal demonspawn zombies
  An insubstantial wisp (Abyss:2)
  17 soldier ants (Spider:1)
  A spectral spiny frog (Crypt:3)
  An acid dragon (D:14)
  A soldier ant (shapeshifter) (Vaults:2)
  A two-headed ogre skeleton (Crypt:3)
  3 faun skeletons
  A floating eye (shapeshifter) (Depths:4)
  2 floating eyes
  50 hell hounds
  12 water moccasins
  9 hydra simulacra
  13 porcupines
  46 orc warriors
  A swamp drake (shapeshifter) (Vaults:4)
  7 phantoms
  3 sky beasts
  3 spiny frog skeletons
  3 black bears
  An ettin simulacrum (Crypt:3)
  22 necrophages
  2 eyes of draining (shapeshifter)
  45 ogres
  A black bear (shapeshifter) (Vaults:5)
  10 eyes of draining
  3 ice beasts
  2 snapping turtle zombies
  2 swamp dragon zombies
  A manticore skeleton (Tar:2)
  12 wolves
  11 boggarts
  27 centaurs
  A snapping turtle skeleton (Dis:7)
  A swamp dragon skeleton (Tar:7)
  15 crocodiles
  4 big kobolds
  Blork the orc (D:6)
  23 bullfrogs
  4 earth elementals
  16 small abominations
  A yaktaur skeleton (Crypt:1)
  2 wyvern skeletons
  2 wyvern zombies
  An elf skeleton (Crypt:1)
  4 scorpions
  A troll zombie (Tar:7)
  20 jellies
  14 killer bees
  3 tengu zombies
  A warg skeleton (Crypt:3)
  58 wights
  9 electric eels
  A troll skeleton (Geh:7)
  A vampire bat (Lair:5)
  8 crimson imps
  2 bullfrog zombies
  2 quasits (Abyss:1)
  A wolf skeleton (Crypt:2)
  9 hounds
  3 bullfrog skeletons
  20 orc priests
  14 iron imps
  A soldier ant zombie (Crypt:1)
  A gnoll shaman (Orc:1)
  17 worker ants
  Jessica (D:2)
  A human skeleton (Geh:7)
  5 iguanas
  4 centaur skeletons
  5 hell rats (Hell)
  40 orc wizards
  A worker ant (shapeshifter) (Vaults:1)
  A deep dwarf skeleton (Crypt:1)
  4 hound zombies
  3 mummies
  Robin (D:2)
  A worker ant zombie (D:8)
  8 adders
  6 gnolls
  A scorpion zombie (Crypt:1)
  14 shadow imps
  13 white imps
  2 ufetubi (Abyss:1)
  3 oozes
  A halfling zombie (Crypt:2)
  An adder skeleton (D:9)
  An adder zombie (D:6)
  4 worms
  2 dart slugs
  3 leopard geckos
  97 orcs
  8 giant cockroaches
  16 goblins
  4 hobgoblins
  10 jackals
  5 quokkas
  A ball python (D:8)
  8 bats
  8 frilled lizards
  A giant cockroach zombie (Crypt:2)
  A jackal skeleton (D:4)
  20 kobolds
  A leopard gecko skeleton (D:7)
  2 leopard gecko zombies
  An orc skeleton (Pan)
  A quokka skeleton (D:9)
  5 rats
  A river rat skeleton (Crypt:3)
  4 fungi (Lair:6)
  11 starspawn tentacles
  A tentacle (Coc:7)
4689 creatures vanquished.

Vanquished Creatures (others)
  Cerebov (Pan)
  A golden dragon (Vaults:5)
  6 deep elf master archers
  2 eldritch tentacles
  An Executioner (Pan)
  2 fire giants
  A cacodemon (Pan)
  An elemental wellspring (Coc:7)
  A stone giant (Depths:3)
  A white draconian (Zot:3)
  3 yaktaur captains
  2 rakshasas
  A centaur warrior (Depths:2)
  A hell hog (D:3)
  A sun demon (Geh:7)
  An unseen horror (D:15)
  A glowing orange brain (Pan)
  A golden dragon zombie (Coc:7)
  A wizard (D:15)
  A deep elf mage (Crypt:2)
  2 hellions (Pan)
  2 yaktaurs
  2 jumping spiders (Spider:4)
  A red devil (Geh:4)
  A shadow (Geh:3)
  2 flying skulls (Coc:7)
  A ynoxinul (Pan)
  A water elemental (Coc:7)
  3 wights
  12 ball lightnings (Pan)
  An orc (Orc:1)
  2 bushes (D:10)
  A crawling corpse (Elf:3)
  9 fungi
  5 lurking horrors (Abyss:4)
  23 plants
  15 starspawn tentacles
  4 tentacles (Coc:7)
  A withered plant (Gauntlet)
118 creatures vanquished.

Grand Total: 4807 creatures vanquished

Notes
Turn   | Place    | Note
-------+----------+-------------------------------------------
     0 | D:1      | Froggeryz the Gargoyle Gladiator began the quest for the
                  | Orb.
     0 | D:1      | Reached XP level 1. HP: 12/12 MP: 1/1
   406 | D:1      | Reached XP level 2. HP: 17/17 MP: 2/2
   771 | D:2      | Noticed Robin
   775 | D:2      | Killed Robin
   775 | D:2      | Reached XP level 3. HP: 21/21 MP: 3/3
  1100 | D:2      | Noticed Jessica
  1110 | D:2      | Killed Jessica
  1110 | D:2      | Reached skill level 5 in Maces & Flails
  1110 | D:2      | Reached XP level 4. HP: 16/26 MP: 4/4
  1190 | D:2      | Found a blossoming altar of Fedhas.
  1607 | D:3      | Found a transporter.
  1607 | D:3      | Noticed an orc warrior
  1857 | D:2      | Killed an orc warrior
  1857 | D:2      | Reached XP level 5. HP: 19/30 MP: 5/5
  1966 | D:3      | Reached XP level 6. HP: 32/35 MP: 6/6
  2170 | D:3      | Reached XP level 7. HP: 30/40 MP: 7/7
  2176 | D:3      | Found a transporter.
  3245 | D:5      | Entered Level 5 of the Dungeon
  3276 | D:5      | Reached XP level 8. HP: 38/44 MP: 8/8
  3877 | D:6      | Found a sparkling altar of Nemelex Xobeh.
  3913 | D:6      | Found Sunip's Magic Scroll Shoppe.
  3918 | D:6      | Bought a scroll of blinking for 90 gold pieces
  3943 | D:6      | Reached skill level 10 in Maces & Flails
  3975 | D:6      | Found a staircase to the Ecumenical Temple.
  3988 | Temple   | Entered the Ecumenical Temple
  4063 | Temple   | Became a worshipper of Warmaster Okawaru
  4101 | D:6      | Noticed Blork the orc
  4112 | D:6      | Killed Blork the orc
  4141 | D:6      | Noticed Grinder
  4155 | D:6      | Killed Grinder
  4155 | D:6      | Reached * piety under Okawaru
  4205 | D:6      | Found Seucsaag's Antique Armour Shop.
  4361 | D:6      | Found Wuebly's Weapon Boutique.
  4370 | D:6      | Reached XP level 9. HP: 49/49 MP: 9/9
  4503 | D:6      | Found Wek Zas's Armour Shoppe.
  5255 | D:8      | Reached skill level 1 in Shields
  5388 | D:8      | Reached ** piety under Okawaru
  6078 | D:9      | Noticed a two-headed ogre
  6097 | D:9      | Killed a two-headed ogre
  6097 | D:9      | Reached *** piety under Okawaru
  6097 | D:9      | Reached skill level 5 in Fighting
  6097 | D:9      | Reached XP level 10. HP: 51/60 MP: 10/10
  6253 | D:9      | Noticed a manticore
  6282 | D:9      | Killed a manticore
  6747 | D:9      | Received a gift from Okawaru
  7023 | D:10     | Entered Level 10 of the Dungeon
  7102 | D:10     | Reached skill level 5 in Shields
  7326 | D:10     | Reached **** piety under Okawaru
  7351 | D:10     | Found a staircase to the Orcish Mines.
  7427 | D:10     | Found a staircase to the Lair.
  7501 | D:10     | Reached XP level 11. HP: 41/64 MP: 11/11
  7723 | D:10     | Found a shattered altar of Ashenzari.
  7845 | D:10     | Reached ***** piety under Okawaru
  7949 | D:10     | Killed an unseen horror
  7949 | D:10     | Received a gift from Okawaru
  8320 | D:11     | Noticed a two-headed ogre
  8335 | D:10     | Killed a two-headed ogre
  8431 | D:11     | Noticed a two-headed ogre
  8452 | D:11     | Killed a two-headed ogre
  8452 | D:11     | Received a gift from Okawaru
  8620 | D:11     | Found a sparkling altar of Nemelex Xobeh.
  8755 | D:11     | Noticed a manticore
  8767 | D:11     | Killed a manticore
  8767 | D:11     | Reached skill level 15 in Maces & Flails
  8895 | D:11     | Noticed an eight-headed hydra
  8897 | D:11     | Gained mutation: Your magical capacity is low. (-10% MP)
                  | [potion of mutation]
  8897 | D:11     | Gained mutation: You are weak. (Str -2) [potion of
                  | mutation]
  8897 | D:11     | Gained mutation: Your natural rate of healing is unusually
                  | fast. [potion of mutation]
  8906 | D:11     | Killed an eight-headed hydra
  8975 | D:11     | Noticed a red ugly thing
  9064 | D:11     | Killed a red ugly thing
  9533 | Lair:1   | Entered Level 1 of the Lair of Beasts
  9547 | Lair:1   | Reached XP level 12. HP: 66/68 MP: 10/10
 10188 | Lair:1   | Found a runed translucent gate.
 10188 | Lair:1   | Found a runed translucent gate.
 10189 | Lair:1   | Found a runed translucent gate.
 10193 | Lair:1   | Noticed Richi's ghost (journeyman HOFi)
 10193 | Lair:1   | Noticed LSt's ghost (journeyman CeHu)
 10544 | Lair:2   | Reached skill level 10 in Shields
 10575 | Lair:2   | Received a gift from Okawaru
 10595 | Lair:2   | Got an ichor-stained eveningstar {god gift}
 10596 | Lair:2   | Identified the +10 eveningstar "Ciom" {crush, MR+ Dex+4}
                  | (Okawaru gifted it to you on level 2 of the Lair of Beasts)
 10760 | Lair:2   | Noticed Nergalle
 10773 | Lair:2   | Killed Nergalle
 10788 | Lair:2   | Found a hole to the Spider Nest.
 11066 | Lair:2   | Noticed a death yak
 11066 | Lair:2   | Noticed a death yak
 11067 | Lair:2   | Noticed a death yak
 11067 | Lair:2   | Noticed a death yak
 11077 | Lair:2   | Noticed a death yak
 11078 | Lair:2   | Killed a death yak
 11083 | Lair:2   | Killed a death yak
 11087 | Lair:2   | Killed a death yak
 11087 | Lair:2   | Reached ****** piety under Okawaru
 11089 | Lair:2   | Killed a death yak
 11089 | Lair:2   | Received a gift from Okawaru
 11098 | Lair:2   | Killed a death yak
 11098 | Lair:2   | Reached XP level 13. HP: 62/78 MP: 11/11
 11251 | Lair:2   | Learned a level 2 spell: Blink
 12551 | Lair:4   | Received a gift from Okawaru
 12562 | Lair:4   | Got a pair of transparent gloves {god gift}
 12568 | Lair:4   | Identified the +2 pair of gloves of Context {Int+4}
                  | (Okawaru gifted it to you on level 4 of the Lair of Beasts)
 12579 | Lair:4   | Found a staircase to the Shoals.
 13428 | Lair:5   | Found a viscous altar of Jiyva.
 13429 | Lair:5   | Found a staircase to the Slime Pits.
 13625 | Lair:5   | Reached skill level 10 in Fighting
 14217 | Lair:6   | Entered Level 6 of the Lair of Beasts
 14295 | Lair:6   | Received a gift from Okawaru
 14295 | Lair:6   | Gained mutation: Your large and strong wings let you fly
                  | indefinitely. [Gargoyle growth]
 14295 | Lair:6   | Reached XP level 14. HP: 81/88 MP: 12/12
 14296 | Lair:6   | Got a transparent robe {god gift}
 14298 | Lair:6   | Identified the +1 robe of Autotheism {Str+2} (Okawaru
                  | gifted it to you on level 6 of the Lair of Beasts)
 14334 | Lair:6   | Reached skill level 15 in Shields
 14724 | Lair:6   | Noticed Rupert
 14724 | Lair:6   | Paralysed by Rupert for 7 turns
 14757 | Lair:6   | Killed Rupert
 14940 | Lair:6   | Reached skill level 1 in Armour
 14956 | Lair:6   | Got a polished buckler
 14997 | Lair:6   | Identified the +2 buckler of the Lion {rPois rN+ rCorr}
                  | (You found it on level 6 of the Lair of Beasts)
 15553 | Orc:1    | Entered Level 1 of the Orcish Mines
 15553 | Orc:1    | Noticed Erolcha
 15605 | D:10     | Killed Erolcha
 15737 | Orc:1    | Found Yzadoona's Assorted Antiques.
 15744 | Orc:1    | Bought a scroll labeled FYDDEU UXZO for 35 gold pieces
 15842 | Orc:2    | Entered Level 2 of the Orcish Mines
 15895 | Orc:2    | Found a staircase to the Elven Halls.
 16046 | Orc:2    | Received a gift from Okawaru
 16084 | Orc:2    | Found a gate leading to a gauntlet.
 16093 | Gauntlet | Entered a Gauntlet
 16093 | Gauntlet | Found a transporter.
 16093 | Gauntlet | Found a transporter.
 16109 | Gauntlet | Found a transporter.
 16110 | Gauntlet | Found a transporter.
 16118 | Gauntlet | Found a transporter.
 16122 | Gauntlet | Found a transporter.
 16130 | Gauntlet | Found a transporter.
 16146 | Gauntlet | Found a transporter.
 16160 | Gauntlet | Found a transporter.
 16164 | Gauntlet | Found a transporter.
 16181 | Gauntlet | Found a transporter.
 16182 | Gauntlet | Found a transporter.
 16347 | Gauntlet | Got a pair of crude boots
 16392 | Gauntlet | Reached skill level 5 in Armour
 16417 | Gauntlet | Identified the +5 morningstar of Annihilation {chaos, rPois
                  | rC- Dex+7}
 16475 | Gauntlet | Identified the Disquisition on Transmigration
 16488 | Gauntlet | Identified the +2 pair of boots of Qepho {-Tele rC+++ MP-9
                  | SInv} (You found it in a Gauntlet)
 16489 | Gauntlet | Identified a +0 pair of boots of running (You found it in a
                  | Gauntlet)
 16580 | Orc:2    | Found Iduceog Saos's Antique Weapon Emporium.
 16627 | Orc:2    | Found an ancient bone altar of Kikubaaqudgha.
 16629 | Orc:2    | Found Noater's Antique Armour Emporium.
 16666 | Orc:2    | Found a radiant altar of Vehumet.
 16671 | Orc:2    | Reached XP level 15. HP: 91/97 MP: 13/13
 16718 | Orc:2    | Found a roughly hewn altar of Beogh.
 16736 | Orc:2    | Found Jitagadgh's Distillery.
 16801 | Orc:2    | Found Sirrami's Gadget Shoppe.
 16871 | Orc:2    | Found a burning altar of Makhleb.
 17289 | Orc:2    | Bought glowing gold dragon scales for 1494 gold pieces
 17789 | Spider:1 | Entered Level 1 of the Spider Nest
 18143 | Spider:1 | Received a gift from Okawaru
 18144 | Spider:1 | Got an ancient broad axe {god gift}
 18462 | Spider:1 | Reached skill level 10 in Armour
 18689 | Spider:1 | Received a gift from Okawaru
 19432 | Spider:2 | Reached skill level 1 in Translocations
 19593 | Spider:2 | HP: 4/100 [wolf spider (8)]
 19843 | Spider:2 | Reached XP level 16. HP: 97/106 MP: 14/14
 19899 | Spider:2 | Received a gift from Okawaru
 20650 | Spider:3 | Reached skill level 5 in Translocations
 20948 | Spider:4 | Entered Level 4 of the Spider Nest
 21306 | Spider:4 | Received a gift from Okawaru
 21316 | Spider:4 | Got a crude shield {god gift}
 21317 | Spider:4 | Identified the +1 shield "Ograschua" {MP+9} (Okawaru gifted
                  | it to you on level 4 of the Spider Nest)
 21757 | Spider:4 | Reached XP level 17. HP: 105/111 MP: 15/15
 21936 | Spider:4 | Got a gossamer rune of Zot
 22438 | Shoals:1 | Entered Level 1 of the Shoals
 22636 | Shoals:1 | Received a gift from Okawaru
 23488 | Shoals:2 | Found Teijawn's Book Shop.
 24007 | Shoals:2 | Learned a level 3 spell: Lesser Beckoning
 24220 | Shoals:2 | Found Kub Gerph's Jewellery Boutique.
 24527 | Shoals:3 | Received a gift from Okawaru
 24945 | Shoals:3 | Noticed Polyphemus
 24949 | Shoals:3 | Reached XP level 18. HP: 98/116 MP: 16/16
 24960 | Shoals:3 | Noticed Ilsuiw
 24963 | Shoals:3 | Reached skill level 10 in Translocations
 25238 | Shoals:3 | Killed Polyphemus
 25458 | Shoals:3 | Killed Ilsuiw
 25754 | Shoals:4 | Entered Level 4 of the Shoals
 26301 | Shoals:4 | Received a gift from Okawaru
 26400 | Shoals:4 | Got a barnacled rune of Zot
 26643 | Shoals:4 | Got a wavering steel ring
 26772 | Shoals:4 | Identified the ring of Ceniuxygh {Fire rPois Str+4} (You
                  | found it on level 4 of the Shoals)
 27334 | Lair:1   | Killed LSt's ghost
 27341 | Lair:1   | Killed Richi's ghost
 27621 | D:12     | Received a gift from Okawaru
 28048 | D:12     | Found a runed translucent door.
 28048 | D:12     | Found a runed translucent door.
 28379 | D:12     | Found a runed translucent door.
 28538 | D:13     | Found a gate to the Vaults.
 28618 | D:13     | Reached skill level 15 in Fighting
 29153 | D:13     | Reached XP level 19. HP: 114/124 MP: 17/17
 29385 | D:14     | Noticed Louise
 29402 | D:14     | Killed Louise
 29476 | D:14     | Found Ysudep's Weapon Shop.
 30069 | D:15     | Entered Level 15 of the Dungeon
 30683 | D:15     | Received a gift from Okawaru
 30996 | D:15     | Found a staircase to the Depths.
 31165 | Depths:1 | Entered Level 1 of the Depths
 31699 | Depths:1 | Received a gift from Okawaru
 31714 | Depths:1 | Identified a scroll of acquirement
 31715 | Depths:1 | Got a pair of encrusted boots
 31716 | Depths:1 | Identified the +4 pair of boots of Trial and Error {rN+
                  | Slay+3} (You acquired it on level 1 of the Depths)
 31834 | Depths:1 | Found a one-way gate to the infinite horrors of the Abyss.
 32242 | Depths:1 | Found a gateway to Hell.
 32651 | Vaults:1 | Entered Level 1 of the Vaults
 32661 | Vaults:1 | Reached XP level 20. HP: 128/134 MP: 18/18
 33377 | Vaults:1 | Received a gift from Okawaru
 33566 | Vaults:1 | You fall into a shaft and drop 1 floor!
 34812 | Vaults:2 | Received a gift from Okawaru
 34901 | Vaults:2 | Reached XP level 21. HP: 133/143 MP: 18/18
 35968 | Vaults:3 | Noticed Donald
 35981 | Vaults:3 | Killed Donald
 36165 | Vaults:3 | Received a gift from Okawaru
 36430 | Vaults:3 | Found a staircase to the Crypt.
 36645 | Vaults:3 | Paralysed by an ogre mage for 7 turns
 36758 | Vaults:3 | Found the +5 demon whip "Spellbinder" {antimagic, MR+}
 37075 | Vaults:3 | Reached XP level 22. HP: 150/152 MP: 19/19
 37625 | Vaults:4 | Noticed Bai Suzhen
 37642 | Vaults:4 | Killed Bai Suzhen
 37739 | Vaults:3 | Received a gift from Okawaru
 38202 | Vaults:4 | Found Gozag's Antique Armour Shop.
 38212 | Vaults:4 | Found an opulent altar of Gozag.
 38212 | Vaults:4 | Found Gozag's Antique Weapon Boutique.
 38226 | Vaults:4 | Found Gozag's Assorted Antiques.
 38476 | Vaults:4 | Got an encrusted chain mail
 38477 | Vaults:4 | Identified the +1 chain mail "Tistext" {*Slow rF+ Int+2}
                  | (You found it on level 4 of the Vaults)
 38693 | Vaults:4 | Found Juxorudo's Jewellery Shoppe.
 38918 | Vaults:5 | Entered Level 5 of the Vaults
 38918 | Vaults:5 | Noticed a golden dragon
 38984 | Vaults:5 | Noticed a golden dragon
 39054 | Vaults:4 | Received a gift from Okawaru
 39109 | Vaults:4 | Reached skill level 5 in Dodging
 39266 | Vaults:4 | Killed a golden dragon
 39291 | Vaults:5 | Reached XP level 23. HP: 151/160 MP: 20/20
 39311 | Vaults:5 | Killed a golden dragon
 39344 | Vaults:5 | Noticed Sojobo
 39374 | Vaults:5 | Killed Sojobo
 39374 | Vaults:5 | Received a gift from Okawaru
 39427 | Vaults:5 | Got a pair of scorched boots {god gift}
 39428 | Vaults:5 | Identified the +0 pair of boots "Xumoot" {rElec Regen+
                  | Int+6 Dex-5} (Okawaru gifted it to you on level 5 of the
                  | Vaults)
 39530 | Vaults:5 | Noticed Xtahua
 39574 | Vaults:5 | Killed Xtahua
 39643 | Vaults:5 | Got an encrusted hat
 39645 | Vaults:5 | Identified the +2 hat of Tomorrow {+Fly Str+7} (You found
                  | it on level 5 of the Vaults)
 39647 | Vaults:5 | Identified Further Steps in Thaumaturgy
 40189 | Vaults:5 | Noticed Frederick
 40201 | Vaults:5 | Killed Frederick
 40235 | Vaults:5 | Got a pair of smoking gloves
 40236 | Vaults:5 | Identified the +2 pair of gloves of Munkek {MR- Int+6} (You
                  | acquired it on level 5 of the Vaults)
 40253 | Vaults:5 | Got a wavering glass ring
 40270 | Vaults:5 | Identified the Almanac of Talismans and Poisoning
 40280 | Vaults:5 | Identified the ring "Odael" {rElec MR+ Str+3 Int-3 Dex+4}
                  | (You found it on level 5 of the Vaults)
 40282 | Vaults:5 | Got a bound jade ring
 40283 | Vaults:5 | Identified the ring "Koocoqov" {Int+4 Dex-3 Slay+3 Stlth+}
                  | (You found it on level 5 of the Vaults)
 40371 | Vaults:5 | Received a gift from Okawaru
 40598 | Vaults:5 | Noticed an ancient lich
 40687 | Vaults:4 | Killed an ancient lich
 40940 | Vaults:5 | Got a silver rune of Zot
 41003 | Vaults:5 | Reached XP level 24. HP: 157/166 MP: 20/20
 41020 | Vaults:5 | Reached skill level 10 in Dodging
 41157 | Vaults:5 | Noticed Mennas
 41173 | Vaults:5 | Received a gift from Okawaru
 41213 | Vaults:5 | Killed Mennas
 41519 | Vaults:5 | Got a translucent copper ring
 41572 | Vaults:5 | Identified the ring of the Heavens {*Drain MR+ Str+3 Dex+2}
 41573 | Vaults:5 | Identified the ring of Discord {rF+ Dex+3} (You found it on
                  | level 5 of the Vaults)
 41755 | Vaults:5 | Got a slimy ruby amulet
 41756 | Vaults:5 | Identified the amulet "Gyntea" {Gourm rF+ Int+4 Slay-2}
                  | (You found it on level 5 of the Vaults)
 42015 | Elf:1    | Entered Level 1 of the Elven Halls
 42122 | Elf:1    | You fall into a shaft and drop 1 floor!
 42126 | Elf:2    | Noticed Agnes
 42197 | Elf:2    | Killed Agnes
 42368 | Elf:2    | Found a runed translucent gate.
 42368 | Elf:2    | Found a runed translucent gate.
 42369 | Elf:2    | Found a runed translucent gate.
 42551 | Elf:2    | Received a gift from Okawaru
 42678 | Elf:2    | Found Yxtuts's Distillery.
 42771 | Elf:2    | Found Yfoved's Magic Scroll Shop.
 42776 | Elf:2    | Bought a scroll of enchant armour for 135 gold pieces
 42801 | Elf:2    | Noticed Saint Roka
 42819 | Elf:2    | Killed Saint Roka
 42871 | Elf:2    | Found a gateway to a bazaar.
 42891 | Bazaar   | Entered a bazaar
 42905 | Bazaar   | Found Xaiduth's Assorted Antiques.
 42927 | Bazaar   | Found Woivios's Jewellery Emporium.
 42927 | Bazaar   | Found Ficruyda's Gadget Shoppe.
 42948 | Bazaar   | Found Gecug's Assorted Antiques.
 42952 | Bazaar   | Bought a scroll of enchant armour for 240 gold pieces
 42970 | Bazaar   | Found Raqiack's Book Emporium.
 43159 | Elf:3    | Entered Level 3 of the Elven Halls
 43160 | Elf:3    | Found a radiant altar of Vehumet.
 43320 | Elf:3    | Cast into level 2 of the Abyss (a deep elf sorcerer)
 43320 | Abyss:2  | Found a corrupted altar of Lugonu.
 43425 | Elf:3    | Escaped the Abyss
 43844 | Elf:3    | Reached XP level 25. HP: 107/171 MP: 20/20
 43999 | Elf:3    | Received a gift from Okawaru
 44015 | Elf:3    | Got a twisted large shield {god gift}
 44016 | Elf:3    | Identified the +0 large shield of Egelec {Slay+2} (Okawaru
                  | gifted it to you on level 3 of the Elven Halls)
 44074 | Elf:3    | Identified the Disquisition on the Creative Volcanoes
 44138 | Elf:3    | Got a heavily runed steel ring
 44140 | Elf:3    | Identified the ring "Ocsoof" {-Tele rPois MR+ Int+2 Dex+2
                  | SInv} (You found it on level 3 of the Elven Halls)
 44521 | Depths:1 | Upgraded the game from 0.24.0-35-gdb84b6a5db to
                  | 0.24.0-37-gcf1ca852f1
 44954 | Depths:2 | Reached skill level 1 in Invocations
 44991 | Depths:2 | Reached skill level 1 in Evocations
 45087 | Depths:2 | Got a bound zirconium amulet
 45088 | Depths:2 | Identified the amulet of Paibaonku {Inacc Int+7} (You found
                  | it on level 2 of the Depths)
 45092 | Depths:2 | Got a brightly glowing bronze ring
 45093 | Depths:2 | Identified the ring "Xiomec" {+Inv rPois} (You found it on
                  | level 2 of the Depths)
 45470 | Depths:3 | Received a gift from Okawaru
 45477 | Depths:3 | Got an ancient shield {god gift}
 45478 | Depths:3 | Identified the +0 shield of the Snail {rN+} (Okawaru gifted
                  | it to you on level 3 of the Depths)
 45638 | Depths:3 | Found a one-way gate leading to the halls of Pandemonium.
 45776 | Depths:3 | Found Baiggau's Antique Armour Emporium.
 45776 | Depths:3 | Found Teorhee's Armour Shoppe.
 45777 | Depths:3 | Found Ciczumem's Assorted Antiques.
 45781 | Depths:3 | Found Liqedav's Magic Scroll Emporium.
 45793 | Depths:3 | Bought a scroll of acquirement for 1300 gold pieces
 45795 | Depths:3 | Found the +7 Kryia's mail coat {PotionHeal*2 rC+}
 45942 | Depths:3 | Reached skill level 5 in Invocations
 45994 | Depths:3 | Reached XP level 26. HP: 154/177 MP: 24/24
 46005 | Depths:3 | Reached skill level 15 in Armour
 46017 | Depths:3 | Reached skill level 5 in Evocations
 47360 | Depths:4 | Found a stormy altar of Qazlal.
 47503 | Depths:4 | Received a gift from Okawaru
 48094 | Depths:4 | Noticed a juggernaut
 48128 | Depths:4 | Killed a juggernaut
 48135 | Depths:4 | Identified the Incunabulum of Combat Magic and the
                  | Mountains
 48404 | Depths:5 | Entered Level 5 of the Depths
 48412 | Depths:5 | Reached skill level 5 in Throwing
 48709 | Depths:5 | Found Bafeseg's Armour Boutique.
 48729 | Depths:5 | Received a gift from Okawaru
 48747 | Depths:5 | Reached skill level 10 in Invocations
 48753 | Depths:5 | Found a gateway to a ziggurat.
 48770 | Depths:5 | Reached XP level 27. HP: 174/182 MP: 27/27
 48888 | Depths:5 | Found a glowing golden altar of the Shining One.
 49412 | Depths:5 | Found a gate to the Realm of Zot.
 49590 | Zot:1    | Entered Level 1 of the Realm of Zot
 49631 | Zot:1    | Received a gift from Okawaru
 49742 | Zot:1    | Received a gift from Okawaru
 49997 | Zot:1    | Reached skill level 10 in Evocations
 50020 | Zot:1    | Identified the +4 dragonskin cloak
 50020 | Zot:1    | Noticed Tiamat
 50361 | Depths:5 | Killed Tiamat
 51439 | Zot:1    | Received a gift from Okawaru
 51600 | Zot:2    | Noticed an ancient lich
 51624 | Zot:1    | Reached skill level 10 in Throwing
 52047 | Zot:1    | Received a gift from Okawaru
 52093 | Zot:1    | Killed an ancient lich
 52148 | Zot:2    | Received a gift from Okawaru
 52377 | Zot:2    | Received a gift from Okawaru
 53541 | Zot:3    | Received a gift from Okawaru
 53787 | Zot:4    | Received a gift from Okawaru
 54607 | Zot:4    | Got a faintly humming plate armour
 54608 | Zot:4    | Identified the +9 plate armour "Vasabb" {rElec rN+++ rCorr
                  | Int-3} (You found it on level 4 of the Realm of Zot)
 54892 | Zot:5    | Entered Level 5 of the Realm of Zot
 55036 | Zot:5    | Received a gift from Okawaru
 55590 | Zot:5    | Noticed an ancient lich
 55614 | Zot:5    | Killed an ancient lich
 55890 | Zot:5    | Noticed an ancient lich
 55936 | Zot:5    | Noticed an orb of fire
 55944 | Zot:5    | Noticed an orb of fire
 56034 | Zot:5    | Gained mutation: You are very weak. (Str -4) [an orb of
                  | fire]
 56037 | Zot:5    | Gained mutation: Your magical capacity is very low. (-20%
                  | MP) [an orb of fire]
 56039 | Zot:5    | Killed an orb of fire
 56049 | Zot:5    | Killed an orb of fire
 56055 | Zot:5    | Killed an ancient lich
 56157 | Zot:5    | Received a gift from Okawaru
 56158 | Zot:5    | Got a crude cloak {god gift}
 56159 | Zot:5    | Identified the +2 cloak of Heresy {rC+ rN++} (Okawaru
                  | gifted it to you on level 5 of the Realm of Zot)
 56639 | Zot:5    | Noticed an orb of fire
 56663 | Zot:5    | Gained mutation: Your body sometimes deteriorates upon
                  | taking damage. [an orb of fire]
 56666 | Zot:5    | Killed an orb of fire
 56989 | Zot:5    | Received a gift from Okawaru
 57633 | Elf:3    | Got a warped eveningstar
 57634 | Elf:3    | Identified the +6 eveningstar "Kaops" {crush, rElec rPois
                  | MR- Str+8} (You found it on level 3 of the Elven Halls)
 58066 | Depths:5 | Fell from the grace of Okawaru
 58066 | Depths:5 | Became a worshipper of the Shining One
 58378 | Crypt:1  | Entered Level 1 of the Crypt
 58389 | Crypt:1  | Reached * piety under the Shining One
 58478 | Crypt:1  | Reached ** piety under the Shining One
 58520 | Crypt:1  | Reached *** piety under the Shining One
 58942 | Crypt:1  | Found a magical portal.
 58973 | WizLab   | Reached **** piety under the Shining One
 58973 | WizLab   | Reached skill level 27 in Fighting
 59074 | WizLab   | Reached ***** piety under the Shining One
 59223 | WizLab   | Identified Uptucaux's Volume of Creation
 59311 | WizLab   | Found a burning altar of Makhleb.
 59323 | WizLab   | Gained mutation: Your magical capacity is extremely low.
                  | (-30% MP) [a cacodemon]
 59391 | WizLab   | Identified Circhad's Almanac of Companions
 59528 | Crypt:1  | Found a shimmering blue altar of Sif Muna.
 59607 | Crypt:1  | Identified the amulet "Hepsikh" {RegenMP rElec rN+ Int-5
                  | Dex+4}
 59693 | Crypt:1  | Identified the Tome of Companions
 59698 | Crypt:1  | Identified the Grimoire of Calling
 59897 | Crypt:2  | Reached ****** piety under the Shining One
 60644 | Crypt:3  | Entered Level 3 of the Crypt
 60678 | Crypt:3  | Noticed Boris
 60688 | Crypt:3  | Killed Boris
 60958 | Crypt:3  | Found a staircase to the Tomb.
 62303 | Hell     | Entered the Vestibule of Hell
 62303 | Hell     | Noticed Geryon
 62456 | Hell     | Killed Geryon
 62549 | Hell     | Found a gateway to the ashen valley of Gehenna.
 62657 | Hell     | Found a gateway to the Iron City of Dis.
 62721 | Hell     | Found a gateway to the freezing wastes of Cocytus.
 62868 | Hell     | Noticed an ancient lich
 62902 | Hell     | Killed an ancient lich
 62935 | Hell     | Found a gateway to the decaying netherworld of Tartarus.
 63081 | Coc:1    | Entered Level 1 of Cocytus
 63347 | Coc:5    | Was forgiven by Okawaru
 63416 | Coc:5    | You are sucked into a shaft and drop 1 floor!
 63466 | Coc:7    | Entered Level 7 of Cocytus
 63575 | Coc:7    | Reached skill level 27 in Maces & Flails
 63969 | Coc:7    | Noticed Antaeus
 64002 | Coc:7    | Killed Antaeus
 64063 | Coc:7    | Got an icy rune of Zot
 64080 | Coc:7    | Got a pair of jewelled boots
 64081 | Coc:7    | Identified the +0 pair of boots "Daicwil" {rElec rPois rN+
                  | Dex-4} (You found it on level 7 of Cocytus)
 64084 | Coc:7    | Got a polished plate armour
 64085 | Coc:7    | Identified the +10 plate armour of Oxzynnum {Str+7} (You
                  | found it on level 7 of Cocytus)
 64331 | Coc:7    | Reached skill level 27 in Shields
 64654 | Coc:7    | Identified the Guide on Combat Magic and Lightness
 64963 | Dis:1    | Entered Level 1 of the Iron City of Dis
 65810 | Dis:7    | Entered Level 7 of the Iron City of Dis
 65904 | Dis:7    | Gained mutation: You are frail. (-10% HP) [mutagenic glow]
 66160 | Dis:7    | Found the +2 pair of boots of the Assassin {Detection Stab+
                  | Stlth++}
 66190 | Dis:7    | Got a flickering silver amulet
 66191 | Dis:7    | Identified the amulet of the Kangaroo {RegenMP rC+ MR+
                  | Int+6} (You found it on level 7 of the Iron City of Dis)
 66202 | Dis:7    | Got an ancient executioner's axe
 66215 | Dis:7    | Identified the +7 executioner's axe "Untosk" {vamp, Fragile
                  | rPois Dex+3} (You found it on level 7 of the Iron City of
                  | Dis)
 66418 | Dis:7    | Gained mutation: You tend to lose your temper in combat. [a
                  | cacodemon]
 66706 | Dis:7    | Gained mutation: You are clumsy. (Dex -2) [a cacodemon]
 66708 | Dis:7    | Gained mutation: Your body often deteriorates upon taking
                  | damage. [a cacodemon]
 66919 | Dis:7    | Identified the +4 staff of Dispater
 66919 | Dis:7    | Noticed Dispater
 66945 | Dis:7    | Killed Dispater
 66986 | Dis:7    | Got an iron rune of Zot
 67156 | Geh:1    | Entered Level 1 of Gehenna
 67196 | Geh:1    | You fall into a shaft and drop 1 floor!
 67606 | Geh:4    | You fall into a shaft and drop 1 floor!
 67655 | Geh:7    | Entered Level 7 of Gehenna
 67925 | Geh:7    | Lost mutation: You tend to lose your temper in combat.
                  | [potion of mutation]
 67925 | Geh:7    | Lost mutation: You are frail. (-10% HP) [potion of
                  | mutation]
 67925 | Geh:7    | Lost mutation: Your magical capacity is extremely low.
                  | (-30% MP) [potion of mutation]
 67925 | Geh:7    | Lost mutation: Your magical capacity is very low. (-20% MP)
                  | [potion of mutation]
 68511 | Geh:7    | Identified the Handbook of Necromancy and Earth
 68547 | Geh:7    | Identified the +7 sceptre of Asmodeus
 68547 | Geh:7    | Noticed Asmodeus
 68580 | Geh:7    | Killed Asmodeus
 68745 | Geh:7    | Found the +2 Maxwell's thermic engine {flame, freeze}
 68757 | Geh:7    | Got an ichor-stained plate armour
 68772 | Geh:7    | Identified the cursed +0 plate armour of the True Pharaoh
                  | {-Cast *Slow rC++ rN+++} (You found it on level 7 of
                  | Gehenna)
 68781 | Geh:7    | Got a slimy amber ring
 68782 | Geh:7    | Identified the ring of Balance {Ice Int+2} (You found it on
                  | level 7 of Gehenna)
 68784 | Geh:7    | Gained mutation: You occasionally shout uncontrollably at
                  | your foes. [mutagenic glow]
 68803 | Geh:7    | Got an obsidian rune of Zot
 69087 | Tar:1    | Entered Level 1 of Tartarus
 69218 | Tar:2    | Reached skill level 27 in Armour
 69989 | Tar:5    | You fall into a shaft and drop 1 floor!
 70049 | Tar:7    | Entered Level 7 of Tartarus
 70222 | Tar:7    | Got an ancient glass ring
 70225 | Tar:7    | Identified the ring of Quenoim {rC+ MR+ Dex-4 SInv} (You
                  | found it on level 7 of Tartarus)
 70247 | Tar:7    | Found the +3 sling "Punk" {acid, rCorr}
 70653 | Tar:7    | Identified the Disquisition on Supportive Transformation
 70723 | Tar:7    | Reached skill level 15 in Invocations
 70965 | Tar:7    | Noticed an ancient lich
 70965 | Tar:7    | Noticed an ancient lich
 70976 | Tar:7    | Killed an ancient lich
 70982 | Tar:7    | Killed an ancient lich
 70982 | Tar:7    | Reached skill level 15 in Evocations
 70989 | Tar:7    | Noticed an ancient lich
 71005 | Tar:7    | Killed an ancient lich
 71048 | Tar:7    | Noticed the Serpent of Hell
 71513 | Tar:7    | Noticed Ereshkigal
 71547 | Tar:7    | Killed Ereshkigal
 71584 | Tar:7    | Got a bone rune of Zot
 71827 | Pan      | Entered Pandemonium
 71888 | Pan      | Noticed Lusei the pandemonium lord
 72631 | Pan      | Gained mutation: You tend to lose your temper in combat. [a
                  | neqoxec]
 72703 | Pan      | Noticed Nohoucoip the pandemonium lord
 72718 | Pan      | Killed Nohoucoip the pandemonium lord
 72731 | Pan      | Got a demonic rune of Zot
 72734 | Pan      | Gained mutation: Your flesh is heat resistant. (rF+) [a
                  | neqoxec]
 72737 | Pan      | Gained mutation: Your spells are a little easier to cast,
                  | but a little less powerful. [a neqoxec]
 72798 | Pan      | Noticed Unnent the pandemonium lord
 72811 | Pan      | Killed Unnent the pandemonium lord
 72898 | Pan      | Entered the realm of Gloorx Vloq.
 73714 | Pan      | Noticed Gloorx Vloq
 73728 | Pan      | Killed Gloorx Vloq
 73748 | Pan      | Got a dark rune of Zot
 73983 | Pan      | Noticed Ogiz the pandemonium lord
 74004 | Pan      | Killed Ogiz the pandemonium lord
 74298 | Pan      | Found an exit through the horrors of the Abyss.
 74549 | Pan      | Noticed Peixzap the pandemonium lord
 74577 | Pan      | Killed Peixzap the pandemonium lord
 74998 | Pan      | Entered the realm of Cerebov.
 75626 | Pan      | Got a twisted shield
 75627 | Pan      | Identified the +0 shield "Qomo" {Stlth+} (You found it in
                  | Pandemonium)
 75712 | Pan      | Identified the +6 sword of Cerebov {flame}
 75712 | Pan      | Noticed Cerebov
 75747 | Pan      | Killed Cerebov
 75770 | Pan      | Identified the Papyrus of Ice and Hexes
 75818 | Pan      | Got a fiery rune of Zot
 75819 | Pan      | Identified the Tome of Transmigration and the Compass
 76041 | Pan      | Gained mutation: Scrolls take you a little longer to read.
                  | [a cacodemon]
 76050 | Pan      | Lost mutation: Your natural rate of healing is unusually
                  | fast. [a cacodemon]
 76058 | Pan      | Found a runed translucent door.
 76064 | Pan      | Found a runed translucent door.
 76067 | Pan      | Found a runed translucent door.
 76140 | Pan      | Found a runed translucent door.
 76142 | Pan      | Noticed Weonih the pandemonium lord
 76152 | Pan      | Killed Weonih the pandemonium lord
 76320 | Pan      | Entered the realm of Lom Lobon.
 76320 | Pan      | Noticed Lom Lobon
 76359 | Pan      | Killed Lom Lobon
 76383 | Pan      | Got a magical rune of Zot
 76543 | Pan      | Noticed Myal the pandemonium lord
 76554 | Pan      | Entered the realm of Mnoleg.
 76641 | Pan      | Gained mutation: Armour fits poorly on your strangely
                  | shaped body. [a neqoxec]
 76660 | Pan      | Gained mutation: You often lose your temper in combat. [a
                  | neqoxec]
 76680 | Pan      | Gained mutation: Your spells are easier to cast, but less
                  | powerful. [a neqoxec]
 76724 | Pan      | Gained mutation: You are very clumsy. (Dex -4) [a
                  | cacodemon]
 76856 | Pan      | Noticed Mnoleg
 76867 | Pan      | Killed Mnoleg
 76882 | Pan      | Gained mutation: You are frail. (-10% HP) [a neqoxec]
 76914 | Pan      | Got a glowing rune of Zot
 76969 | Pan      | Gained mutation: You sometimes yell uncontrollably at your
                  | foes. [a cacodemon]
 76977 | Pan      | Gained mutation: Scrolls take you longer to read. [a
                  | cacodemon]
 76980 | Pan      | Gained mutation: Scrolls take you much longer to read. [a
                  | cacodemon]
 76985 | Pan      | Gained mutation: You frequently scream uncontrollably at
                  | your foes. [a cacodemon]
 76989 | Pan      | Gained mutation: Your spells are much easier to cast, but
                  | much less powerful. [a cacodemon]
 76996 | Pan      | Lost mutation: Your body often deteriorates upon taking
                  | damage. [potion of mutation]
 76996 | Pan      | Lost mutation: Your magical capacity is low. (-10% MP)
                  | [potion of mutation]
 76996 | Pan      | Lost mutation: Your body sometimes deteriorates upon taking
                  | damage. [potion of mutation]
 76996 | Pan      | Lost mutation: You are very clumsy. (Dex -4) [potion of
                  | mutation]
 76997 | Pan      | Lost mutation: You are very weak. (Str -4) [potion of
                  | mutation]
 76997 | Pan      | Lost mutation: Your flesh is heat resistant. (rF+) [potion
                  | of mutation]
 76997 | Pan      | Gained mutation: You evolve. [potion of mutation]
 76998 | Pan      | Lost mutation: You frequently scream uncontrollably at your
                  | foes. [potion of mutation]
 76998 | Pan      | Lost mutation: You are weak. (Str -2) [potion of mutation]
 76998 | Pan      | Gained mutation: You have large cloven feet. [potion of
                  | mutation]
 77240 | Pan      | Found an exit through the horrors of the Abyss.
 77246 | Pan      | Noticed Goanogg the pandemonium lord
 77265 | Pan      | Killed Goanogg the pandemonium lord
 77275 | Pan      | Took an exit into the Abyss.
 77275 | Abyss:1  | Escaped into the Abyss
 77536 | Abyss:1  | Found a corrupted altar of Lugonu.
 77748 | Abyss:1  | Gained mutation: Your body sometimes deteriorates upon
                  | taking damage. [a cacodemon]
 77998 | Abyss:1  | Noticed an ancient lich
 78005 | Abyss:1  | Killed an ancient lich
 78166 | Abyss:2  | Found a corrupted altar of Lugonu.
 78283 | Abyss:2  | Noticed an ancient lich
 78300 | Abyss:2  | Killed an ancient lich
 78822 | Abyss:4  | Lost mutation: Scrolls take you much longer to read.
                  | [evolution]
 78822 | Abyss:4  | Lost mutation: You evolve. [end of evolution]
 78938 | Abyss:4  | Gained mutation: You frequently scream uncontrollably at
                  | your foes. [a neqoxec]
 79052 | Abyss:4  | Got an abyssal rune of Zot
 79200 | Abyss:4  | Paralysed by accursed screaming for 2 turns
 79292 | Depths:4 | Escaped the Abyss
 79694 | Slime:1  | Entered Level 1 of the Pits of Slime
 79833 | Shoals:2 | Bought an uncursed ring of resist corrosion for 300 gold
                  | pieces
 80001 | Slime:3  | Gained mutation: You are very frail. (-20% HP) [a shining
                  | eye]
 80004 | Slime:3  | Gained mutation: You are extremely frail. (-30% HP) [a
                  | shining eye]
 80005 | Slime:3  | Gained mutation: You are weak. (Str -2) [a shining eye]
 80007 | Slime:3  | Gained mutation: You are very clumsy. (Dex -4) [a shining
                  | eye]
 80097 | Slime:4  | Gained mutation: Your body often deteriorates upon taking
                  | damage. [a shining eye]
 80188 | Slime:4  | Paralysed by a floating eye for 3 turns
 80287 | Slime:5  | Entered Level 5 of the Pits of Slime
 80319 | Slime:5  | Noticed the Royal Jelly
 80349 | Slime:5  | Gained mutation: Scrolls take you much longer to read. [a
                  | shining eye]
 80350 | Slime:5  | Lost mutation: Armour fits poorly on your strangely shaped
                  | body. [a shining eye]
 80352 | Slime:5  | Gained mutation: Potions are less effective at restoring
                  | your health. [a shining eye]
 80714 | Slime:5  | Gained mutation: You are dopey. (Int -2) [a shining eye]
 80716 | Slime:5  | Lost mutation: You are weak. (Str -2) [a shining eye]
 80718 | Slime:5  | Gained mutation: Armour fits poorly on your strangely
                  | shaped body. [a shining eye]
 80724 | Slime:5  | Lost mutation: Your body often deteriorates upon taking
                  | damage. [a shining eye]
 80731 | Slime:5  | Paralysed by a floating eye for 3 turns
 80916 | Slime:5  | Gained mutation: Potions are poor at restoring your health.
                  | [a shining eye]
 81098 | Slime:5  | Killed the Royal Jelly
 81539 | Slime:5  | Found the +6 arbalest "Damnation" {damnation}
 81570 | Slime:5  | Got a slimy rune of Zot
 81650 | Slime:1  | HP: 1/139 [acid (7)]
 82686 | Zot:5    | Got the Orb of Zot
 82977 | Depths:2 | Noticed Usenem the pandemonium lord
 83128 | D:11     | Noticed Pyagel the pandemonium lord
 83409 | D:$      | Escaped with the Orb!

Levels and vault maps discovered:
D:1:      minmay_arrival_three_doors, layout_loops_corners
D:2:      layout_loops_cross, fedhas_altar_1, uniq_jessica, uniq_robin
D:3:      gammafunk_steamed_eel, layout_loops_ring, hangedman_feature_mirror
D:4:      layout_basic, first_ration, minmay_pentangle
D:5:      layout_loops_ring
D:6:      layout_rooms, minmay_temple_entry_drinking_statues, serial_shops,
          nicolae_shop_trees, kennysheep_little_box, shop, shop,
          nemelex_diamond_rough_becter, uniq_blork_the_orc, uniq_grinder
D:7:      layout_gridville
D:8:      layout_gridville
D:9:      layout_long_grid
D:10:     layout_roguey, minmay_lair_entry_grove, orc_0_dummy,
          blue_anna_alchemist [blue_anna_fruit_fields, blue_anna_fruit_fields],
          st_stairs_6, nicolae_ashenzari_panopticon
D:11:     minmay_blocky_corners, layout_irregular_city, hex_medium,
          nemelex_xobeh_ov_fountains_minmay
D:12:     layout_roguey, mikee_hates_you
D:13:     layout_irregular_city, erik_vaults_2, minmay_rotating_lava
D:14:     layout_irregular_city, minmay_tree_intersection, serial_column_ruins,
          column_ruins_corridor_straight, column_ruins_open_tiny,
          column_ruins_grid_1, column_ruins_columns_corner, serial_shops,
          nicolae_shop_statue_plus, uniq_louise
D:15:     grunt_enter_depths_magical_seal, layout_loops_ring,
          chequers_serial_rivers_room_a, lightli_corner_chamber
Temple:   regret_index_temple_sigil_plot
Lair:1:   layout_regular_city, serial_rivers, chequers_serial_rivers_micro_a,
          chequers_serial_rivers_small_a, chequers_serial_rivers_small_b,
          chequers_serial_rivers_room_b, gammafunk_ghost_cemetery
Lair:2:   layout_chaotic_city, nicolae_spider_entry_orb_guardian, serial_rivers,
          chequers_serial_rivers_small_a, chequers_serial_rivers_micro_e,
          chequers_serial_rivers_large_b, chequers_serial_rivers_marsh,
          chequers_serial_rivers_small_3, chequers_serial_rivers_small_3,
          uniq_nergalle
Lair:3:   layout_regular_city
Lair:4:   layout_hall_layers, minmay_shoals_entry_centaurs, disabler_island
Lair:5:   layout_layer_cave, dpeg_slime_entry_enclosed_altar, roderic_batcave,
          infiniplex_staircase_pool_2, lemuel_fruit_tree
Lair:6:   gammafunk_lair_ancient_temple, layout_gridlike, lemuel_another_geyser,
          uniq_rupert
Shoals:1: layout_shoals, nicolae_shoals_water_shrine
Shoals:2: layout_shoals, serial_shops, nicolae_shop_stone, nicolae_shop_trees,
          nicolae_shoals_aquamancer_cove
Shoals:3: layout_shoals, uniq_ilsuiw, uniq_polyphemus
Shoals:4: shoals_end_simple, layout_shoals, shoals_ilsuiw_alternative
Spider:1: layout_chambers, zaba_antful_of_joy
Spider:2: layout_spider_delve, einodemon_crawler_minivault
Spider:3: layout_spider_delve, hangedman_spider_tarantella_strand
Spider:4: grunt_spider_rune_parallel
Slime:1:  layout_caves
Slime:2:  layout_caves
Slime:3:  cheibrodos_slime_lost_civilization_2, layout_caves
Slime:4:  cheibrodos_slime_lost_civilization_10, layout_caves
Slime:5
Orc:1:    layout_caves, serial_shops, shop, mines3_lemuel, uniq_erolcha
Orc:2:    kennysheep_orc_mage_school, layout_caves, gauntlet_entry_generic,
          bloody_makhleb
Elf:1:    eino_elf_arrival_the_gate, layout_loops_corners,
          minmay_elf_annihilation, uniq_jorgrun, uniq_azrael, uniq_nikola
Elf:2:    layout_onion_city, serial_shops, bzr_entry_gold, shop,
          nicolae_shop_crystal, uniq_agnes, uniq_saint_roka
Elf:3:    minmay_elf_hall, layout_geoelf_diagonals, basic_altar
Vaults:1: hangedman_vaults_variations, nicolae_vaults_three_branches,
          vaults_standard_mumra_lines, nicolae_vaults_inception_scallops,
          v_misc_8, v_misc_9, v_alt_pattern_6, nicolae_vaults_border_crossing,
          vaults_dpeg_cross, vaults_dpeg_hooks, layout_vaults_ring, serial_glass
Vaults:2: nicolae_vaults_branching_niches, v_pattern_1,
          nicolae_vaults_circle_grid_a, v_misc_15, v_misc_33,
          vaults_standard_mumra_x, ontoclasm_vaults_twist,
          nicolae_vaults_network_periphery, hangedman_vaults_impose,
          layout_vaults_big_cross
Vaults:3: vaults_room_octagon, blue_anna_dwarven_crypt, v_misc_4,
          grunt_vaults_bifocal, nicolae_vaults_little_squares_2,
          hangedman_vaults_stretched_pinwheel, vaults_room_large_hall,
          special_room_vaults [special_room_orc],
          ontoclasm_vaults_loading_screen, ontoclasm_vaults_eye,
          nicolae_vaults_network_barrier, ontoclasm_vaults_idyll,
          ontoclasm_vaults_spin, vaults_dpeg_ring, v_misc_30,
          ontoclasm_vaults_shuriken, layout_vaults_omnibox, uniq_donald
Vaults:4: kennysheep_vaults_gozag_temple, v_misc_32, v_misc_16,
          hangedman_vaults_maws, grunt_vaults_twisty, hangedman_vaults_trim,
          v_misc_27, vaults_room_pools, nicolae_vaults_network_s,
          vaults_room_semicircle, layout_vaults_maze_bifur, serial_shops,
          nicolae_shop_behind_doors, portal_desolation_entry_ruin,
          uniq_bai_suzhen
Vaults:5: serial_shops, uniq_sojobo, uniq_frederick, uniq_xtahua, uniq_mennas
Crypt:1:  layout_rooms, infiniplex_enter_wizlab_spiral, hangedman_summoners_spam
Crypt:2:  layout_misc_corridors
Crypt:3:  due_elkab, layout_chaotic_city, uniq_boris
Depths:1: layout_cave_pools, abyss_entry, nicolae_two_hexagons, pf_coc_iceberg,
          lightli_minifort
Depths:2: minmay_the_grid_net [minmay_the_grid_fan, minmay_the_grid_spin_star,
          minmay_the_grid_rooms, minmay_the_grid_dragon_a,
          minmay_the_grid_tri_star, minmay_the_grid_prize_shrinking_boxes],
          layout_gridville, grunt_hell_horde, abyss_entry_small_statue_room
Depths:3: grunt_deathspiral_small, layout_cave_shapes, grunt_pan_entry_spiral,
          minmay_misc_feat_secret_circle, hell_entry, firewood_loft,
          infiniplex_staircase_x, minmay_shoptagon
Depths:4: minmay_tearing_corner, layout_basic, basic_altar, hell_entry,
          nicolae_abyss_entry_one_way_or_another, pan_entry,
          lemuel_flamethrower_3, grunt_megastairs_2
Depths:5: evilmike_zot_entry_basic, layout_gridlike, enter_ziggurat_b,
          hell_entry, skrybe_limestone_x, serial_shops, nicolae_shop_trees,
          tso_altar
Hell
Dis:1:    layout_overlapping_boxes
Dis:2:    layout_gridville
Dis:3:    layout_regular_city
Dis:4:    layout_jigsaw
Dis:5:    layout_chaotic_city, hangedman_dis_decor_blocks_mantle
Dis:6:    layout_subdivisions
Dis:7:    dis_st
Geh:1:    layout_gehenna_pools_box, minmay_fire_ice_demons
Geh:2:    layout_gehenna_pools_triple
Geh:3:    layout_gehenna_lava_caves, lemuel_flamethrower_3
Geh:4:    layout_gehenna_pools_triple, lemuel_flamethrower_3
Geh:5:    layout_gehenna_pools_box
Geh:6:    layout_gehenna_pools_basic
Geh:7:    geh_mu
Coc:1:    layout_ice_bergs
Coc:2:    layout_cocytus_water_paths
Coc:3:    layout_cocytus_water_paths
Coc:4:    layout_ice_bergs
Coc:5:    layout_ice_bergs
Coc:6:    layout_cocytus_water_paths
Coc:7:    coc_hangedman
Tar:1:    layout_grid_maze
Tar:2:    layout_honeycomb
Tar:3:    layout_grid_maze
Tar:4:    layout_honeycomb
Tar:5:    layout_cathedral_of_symmetry, nicolae_tar_cuneiform_three,
          lemuel_elevator
Tar:6:    layout_honeycomb, nicolae_tar_cuneiform_to_be
Tar:7:    tar_old
Zot:1:    lemuel_acid_trip, layout_concentric_octagons, uniq_tiamat
Zot:2:    ebering_klown_carousel, layout_onion
Zot:3:    layout_twisted_circle
Zot:4:    layout_misc_corridors
Zot:5:    layout_basic

Skill      XL: |  1  2  3  4  5  6  7  8  9 10 11 12 13 14 15 16 17 18 19 20 21 22 23 24 25 26 27 |
---------------+----------------------------------------------------------------------------------+-----
Maces & Flails | 4 5 6 7 9 11 12 14 15 16 17 18 19 27 | 27.0
Fighting       | 5 8 10 12 14 15 17 18 20 21 27 | 27.0
Shields        | 3 6 9 12 14 16 17 18 19 21 22 23 24 25 26 27 | 27.0
Armour         | 7 11 13 14 16 27 | 27.0
Translocations | 3 6 9 10 12 14 | 14.3
Dodging        | 6 9 10 | 10.0
Invocations    | 5 10 25 | 25.2
Evocations     | 4 8 23 | 23.3
Throwing       | 5 10 | 10.6

Action                   |  1- 3 |  4- 6 |  7- 9 | 10-12 | 13-15 | 16-18 | 19-21 | 22-24 | 25-27 || total
-------------------------+-------+-------+-------+-------+-------+-------+-------+-------+-------++-------
Melee: Flail             |    63 |       |       |       |       |       |       |       |       ||    63
       Mace              |    27 |   100 |   469 |   444 |       |       |       |       |       ||  1040
       Morningstar       |       |       |    28 |   308 |       |       |       |       |       ||   336
       Eveningstar       |       |       |       |    71 |  1239 |  1754 |  1791 |  1582 | 11064 || 17501
Throw: Boomerang         |       |       |       |     1 |       |       |       |       |       ||     1
 Cast: Blink             |       |       |       |       |       |       |       |       |    11 ||    11
       Lesser Beckoning  |       |       |       |       |       |       |       |       |     4 ||     4
Invok: Finesse           |       |       |       |       |     1 |       |       |       |     2 ||     3
       Heroism           |       |       |       |       |     1 |       |       |       |     1 ||     2
       Cleansing Flame   |       |       |       |       |       |       |       |       |    11 ||    11
       Summon Divine War |       |       |       |       |       |       |       |       |     2 ||     2
 Abil: Fly               |       |       |       |       |       |     2 |       |     1 |     5 ||     8
       Stop Flying       |       |       |       |       |       |     1 |     1 |     1 |     5 ||     8
Evoke: Wand              |       |     4 |     3 |     1 |       |    15 |     5 |     2 |    19 ||    49
       Phantom mirror    |       |       |       |       |       |       |       |       |     1 ||     1
  Use: Scroll            |       |       |     3 |     7 |    18 |     8 |     7 |    24 |    48 ||   115
       Potion            |       |       |       |    14 |     3 |     1 |       |     1 |    29 ||    48
 Stab: Confused          |       |       |       |     2 |       |       |       |       |       ||     2
       Petrified         |       |       |       |       |       |     7 |       |       |       ||     7
       Held in net/web   |       |       |       |       |       |     1 |       |       |       ||     1
       Distracted        |       |       |       |       |       |       |       |     2 |       ||     2
  Eat: Chunk             |     1 |     3 |    13 |    16 |    25 |    27 |    27 |    20 |    28 ||   160
       Ration            |       |       |       |     1 |     1 |     1 |       |     1 |    39 ||    43
Armor: Leather armour    |     7 |       |       |       |       |       |       |       |       ||     7
       Chain mail        |    54 |    64 |   324 |   384 |   334 |       |       |       |       ||  1160
       Gold dragon scale |       |       |       |       |   396 |  1480 |  1101 |   676 |  4961 ||  8614
Dodge: Dodged            |    53 |    68 |   175 |   126 |   263 |   288 |   157 |   161 |  1798 ||  3089
Block: Shield            |       |       |       |   389 |   820 |  1312 |   587 |       |       ||  3108
       Large shield      |       |       |       |       |       |       |  1006 |  1830 | 15560 || 18396
       Reflection        |       |       |       |       |       |       |       |    56 |   177 ||   233
